Cogmind - Beta 15 @@@ ROGUE MODE // 2025.05.11 @ 13:21:22 Player: Minty Result: Destroyed by G-67 Veteran with Field Laser Performance ------------- Evolutions (6) 3000 Regions Visited (18) 3600 Robots Destroyed (171) 855 Value Destroyed (7033) 7033 Prototype IDs (45) 900 Alien Tech Used (1) 200 Bonus (4204) 4204 TOTAL SCORE: 19792 Bonus ------- High Alert Combat Kills 1235 Follower Combat Kills 1876 Entered DSFs 500 Aligned with FarCom 300 Met Imprinter 300 Was Imprinted 300 Friendly Fire -307 Cogmind --------- Core Integrity 0/1150 Matter 215/300 Energy 100/100 System Corruption 0% Temperature Cool (9) Movement Core (50) Location -4/Factory Parts ------- > --- POWER (3) -------- (None) > --- PROPULSION (4) --- (None) > --- UTILITY (10) ----- Machine Analyzer Experimental Optical Array Experimental Signal Interpreter Experimental Terrain Scan Processor Improved Weapon Shielding Graphene Brace Improved System Guard Improved System Guard Improved System Guard Improved System Guard > --- WEAPON (3) ------- (None) > --- INVENTORY (5) ---- Cooled Proton Cannon Matter Neutralizer Hardcell Cannon Heavy Proton Missile Launcher Micro-nuke Launcher Peak State ------------ > --- POWER ------------ Light Quantum Reactor > --- PROPULSION ------- Advanced Medium Treads Potential Leg Potential Leg > --- UTILITY ---------- Experimental Optical Array Experimental Signal Interpreter Experimental Terrain Scan Processor Improved Utility Shielding Improved Medium Armor Plating Graphene Brace Improved System Guard Improved System Guard Improved System Guard Improved System Guard > --- WEAPON ----------- Phase Gun Matter Neutralizer Hardcell Cannon > --- INVENTORY -------- Huge Storage Unit Tesla Rifle Cooled Proton Cannon Heavy Proton Missile Launcher Heavy Proton Missile Launcher [Rating: 125] Favorites ----------- Power Reinforced Ion Engine Engine Reinforced Ion Engine Power Core Fission Core Reactor Antimatter Reactor Propulsion Combat Airjet Treads Armored Medium Treads Leg Aluminum Leg Wheel Compact Wheel Hover Unit Combat Airjet Flight Unit Impulse Thruster Utility Improved Signal Interpreter Device Improved Cooling System Storage Small Storage Unit Processor Improved Signal Interpreter Hackware Authchip [R/Combat] Protection Improved Utility Shielding Weapon Heavy Particle Cannon Energy Gun Precision Beam Rifle Energy Cannon Heavy Particle Cannon Ballistic Gun Hypervelocity Gauss Rifle Ballistic Cannon Hardcell Cannon Launcher Heavy Proton Missile Launcher Special Weapon RU-N14's Throwing Claymores Build | -11 -10 -10 -9 -9 -9 -8 -8 -7 -7 -7 -7 -6 -6 -6 -5 -4 -4 -4 ------- Run | Yrd Mat Min Mat Min Exi Min Mat Fac Low Low Zio Pro Fac DSF Fac Fac Was Fac Slots Evolved 12 | . . . 2 . . . 2 2 . . . . 2 . 2 2 . . Power 1 | . . . . . . . . 1 . . . . . . . . . . Propulsion 2 | . . . . . . . 1 . . . . . 1 . . . . . Utility 8 | . . . 2 . . . 1 1 . . . . 1 . 2 1 . . Weapon 1 | . . . . . . . . . . . . . . . . 1 . . Parts Attached 141 | . 2 1 5 5 1 . 15 . 3 2 5 4 3 22 9 24 5 35 Power 24 | . . 1 1 1 . . 3 . . . 2 2 . 4 2 3 1 4 Engine 13 | . . 1 1 1 . . 3 . . . 2 . . 2 2 . . 1 Core 7 | . . . . . . . . . . . . 2 . 2 . 1 . 2 Reactor 4 | . . . . . . . . . . . . . . . . 2 1 1 Propulsion 21 | . . . . 3 . . . . . . . . 1 8 . 4 2 3 Treads 9 | . . . . . . . . . . . . . . 4 . 2 2 1 Leg 2 | . . . . . . . . . . . . . . . . 2 . . Wheel 1 | . . . . . . . . . . . . . . . . . . 1 Hover 8 | . . . . 3 . . . . . . . . 1 4 . . . . Flight 1 | . . . . . . . . . . . . . . . . . . 1 Utility 67 | . 1 . 3 1 1 . 9 . 2 2 1 1 2 4 3 12 2 23 Device 21 | . 1 . 1 . 1 . 5 . . 1 . . 1 . . 5 . 6 Storage 7 | . . . . 1 . . 1 . . . 1 1 . . . 2 1 . Processor 17 | . . . . . . . 1 . . . . . 1 4 . 2 . 9 Hackware 2 | . . . . . . . . . . . . . . . . . . 2 Protection 20 | . . . 2 . . . 2 . 2 1 . . . . 3 3 1 6 Artifact . | . . . . . . . . . . . . . . . . . . . Weapon 29 | . 1 . 1 . . . 3 . 1 . 2 1 . 6 4 5 . 5 Energy Gun 6 | . . . . . . . 1 . . . . . . . . 3 . 2 Energy Cannon 7 | . . . . . . . 2 . 1 . . 1 . . 1 1 . 1 Ballistic Gun 8 | . 1 . 1 . . . . . . . . . . 5 1 . . . Ballistic Cannon 1 | . . . . . . . . . . . . . . . . . . 1 Launcher 5 | . . . . . . . . . . . . . . 1 2 1 . 1 Special Weapon 2 | . . . . . . . . . . . 2 . . . . . . . Impact Weapon . | . . . . . . . . . . . . . . . . . . . Slashing Weapon . | . . . . . . . . . . . . . . . . . . . Piercing Weapon . | . . . . . . . . . . . . . . . . . . . Special Melee Weapon . | . . . . . . . . . . . . . . . . . . . Unidentified Prototypes 16 | . . . . . . . 3 . 1 . 1 . . . 3 4 1 3 Corrupted Parts 1 | . . . . . . . . . . . . . . . . . . 1 System Corruption 2 | . . . . . . . . . . . . . . . . . . 2 Parts Lost 55 | . . 1 2 4 . . 3 . 1 . . 1 . 3 2 17 . 21 Power 12 | . . . 1 . . . 1 . . . . . . 1 1 3 . 5 Propulsion 14 | . . . . 2 . . 1 . . . . . . . . 4 . 7 Utility 23 | . . . . 2 . . 1 . 1 . . 1 . 2 1 6 . 9 Weapon 6 | . . 1 1 . . . . . . . . . . . . 4 . . Highest Loss Streak 9 | . . 1 1 4 . . 1 . 1 . . 1 . 2 2 6 . 9 To Critical Strikes . | . . . . . . . . . . . . . . . . . . . Average Backups 10 | . 7 4 5 5 7 7 6 6 7 6 8 13 12 13 14 13 15 13 Power . | . 1 . . . 1 . . . . . . . 2 . . . . . Propulsion 2 | . 4 1 . . 2 3 2 2 2 3 2 3 2 3 4 3 3 2 Utility 3 | . 1 3 5 4 2 2 2 2 2 1 1 2 1 3 3 3 6 5 Weapon 4 | . . . . . 1 2 2 2 2 2 4 5 6 6 7 7 6 5 Tool/Special . | . . . . . . . . . . . . . . . . . . . Unused Backups 33 | . 7 4 1 3 4 . . 1 . . 3 . . 5 1 . . 4 Power 4 | . 1 . . . 3 . . . . . . . . . . . . . Propulsion 10 | . 2 3 1 2 . . . . . . 1 . . 1 . . . . Utility 13 | . 2 . . 1 1 . . 1 . . 1 . . 3 . . . 4 Weapon 6 | . 2 1 . . . . . . . . 1 . . 1 1 . . . Tool/Special . | . . . . . . . . . . . . . . . . . . . Average Slot Usage (%) 82 | . 94 82 82 61 71 77 93 89 89 85 85 95 87 89 97 88 70 69 Engine 6 | . 14 14 10 5 11 11 8 7 7 7 7 7 1 3 10 10 . 1 Core 2 | . . . . . . . . . . . . 12 7 9 4 . 5 4 Treads 5 | . . . . . . . . . . . . . . 14 22 18 10 7 Leg 3 | . 28 28 22 6 . . . . . . . . . . . 1 2 2 Hover 10 | . . . . 13 22 22 25 23 22 21 21 21 25 10 . . . . Device 12 | . 8 . 10 16 27 33 19 28 16 14 14 14 16 10 4 8 5 8 Storage 7 | . 14 14 11 8 11 11 9 7 7 7 7 7 6 6 5 7 10 3 Processor 12 | . . . . . . . 8 7 7 7 7 7 10 18 26 22 20 19 Protection 10 | . . . 20 6 . . 6 . 12 14 14 12 6 3 10 9 14 11 Energy Gun 3 | . 14 11 . . . . 3 7 7 7 6 6 6 . . 2 . 2 Energy Cannon 3 | . . . . . . . 11 7 7 7 6 7 6 . . 3 1 1 Ballistic Gun 2 | . 14 14 8 3 . . . . . . . . . 10 9 3 . . Peak Build Rating 125 | . 7 6 11 16 21 21 41 44 47 44 54 70 65 74 86 109 106 125 Average Rating 57 | . 6 5 10 12 19 21 37 43 42 43 45 57 59 66 77 89 88 87 On Entrance 39 | 6 6 6 5 10 16 21 21 41 44 42 44 46 55 59 72 86 78 90 Naked Turns . | . . . . . . . . . . . . . . . . . . . Heaviest Build 144 | 11 13 14 28 23 12 12 42 29 30 29 42 74 45 60 78 122 138 144 Greatest Support 145 | 20 20 20 20 24 24 24 36 36 36 36 36 36 45 108 108 108 145 145 Greatest Overweight (x) 8 | . . . 1 2 . . 1 . . . 1 2 . 2 . 1 . 8 Average Overweight (x) . | . . . . . . . . . . . . . . . . . . 1 Largest Inventory Capacity 25 | . 8 8 8 8 8 8 20 8 8 8 10 15 15 15 15 25 25 25 Average Capacity 12 | . 8 8 8 7 8 8 8 8 8 8 9 14 15 15 15 15 23 17 Most Carried 25 | . 8 8 8 6 8 8 8 8 8 8 10 15 14 15 15 15 21 25 Average Carried 11 | . 7 7 6 5 7 8 7 7 8 7 9 14 13 14 14 14 17 15 Final Capacity 25 | 8 8 8 8 8 8 8 8 8 8 8 10 15 15 15 15 15 25 5 Final Carried 21 | 6 8 8 6 5 8 8 8 8 8 8 10 15 14 15 15 15 21 5 Class Distribution -------------------- 52% | Scavenger-Mutant 25% | Mutant 4% | Scavenger-Tank 3% | Scavenger-Scout 3% | Tank 3% | Derelict-Mutant Dominant Class ---------------- Mutant | -10/Materials Mutant | -10/Mines Mutant | -9/Materials Mutant | -9/Mines Mutant | -9/Exiles Mutant | -8/Mines Scavenger-Mutant | -8/Materials Scavenger-Scout | -7/Factory Scavenger-Mutant | -7/Lower Caves Scavenger-Mutant | -7/Lower Caves Scavenger-Mutant | -7/Zion Scavenger-Mutant | -6/Proximity Caves Derelict-Mutant | -6/Factory Derelict-Mutant | -6/DSF Scavenger-Mutant | -5/Factory Scavenger-Tank | -4/Factory Scavenger-Mutant | -4/Waste Scavenger-Mutant | -4/Factory Resources | -11 -10 -10 -9 -9 -9 -8 -8 -7 -7 -7 -7 -6 -6 -6 -5 -4 -4 -4 ----------- Run | Yrd Mat Min Mat Min Exi Min Mat Fac Low Low Zio Pro Fac DSF Fac Fac Was Fac Matter Collected 3558 | 200 38 86 47 74 . 10 225 . 45 60 80 60 . 532 210 584 216 1091 Remotely 137 | . 22 . . 30 . 10 . . . . . . . . . 75 . . Salvage Created 9529 | . 140 279 52 . . 57 430 . 88 249 . 475 . 421 836 1230 1151 4121 Parts 357 | . 5 10 3 . . 4 18 . 4 7 . 14 . 28 46 56 8 154 Haulers Intercepted 3 | . 1 . . . . . 1 . . . . . . . 1 . . . Recyclers Shooed 20 | . 1 2 1 . . . . . . . . . . . 2 1 . 13 Parts Field Recycled . | . . . . . . . . . . . . . . . . . . . Retrieved Matter . | . . . . . . . . . . . . . . . . . . . Parts Self-Destructed 31 | . . . . . . . . . 3 7 . 21 . . . . . . Prevented 11 | . . . . . . . . . . . . 11 . . . . . . Kills | -11 -10 -10 -9 -9 -9 -8 -8 -7 -7 -7 -7 -6 -6 -6 -5 -4 -4 -4 ------- Run | Yrd Mat Min Mat Min Exi Min Mat Fac Low Low Zio Pro Fac DSF Fac Fac Was Fac Combat Hostiles Destroyed 116 | . . 4 . . . . 6 . 1 5 . 7 . 8 7 24 5 49 Guns 21 | . . 3 . . . . 1 . . 4 . . . 8 . 5 . . Cannons 28 | . . . . . . . 5 . 1 1 . 4 . . 1 5 4 7 AOE 48 | . . 1 . . . . . . . . . 3 . . 4 13 . 27 Classes Destroyed 21 | . 2 2 . . . . 4 . 1 3 . . . 2 2 2 1 2 Worker 16 | . . 2 . . . . . . . . . . . . 3 1 . 10 Builder 15 | . . . . . . . 1 . . . . . . . 3 1 . 10 Tunneler 3 | . . . . . . . . . . . . . . . 1 . . 2 Hauler 3 | . 1 . . . . . 1 . . . . . . . 1 . . . Recycler 12 | . 1 1 1 . . 1 1 . . . . . . . 1 1 . 5 Minesweeper 1 | . . . . . . . . . . 1 . . . . . . . . Operator 1 | . . . . . . . . . . . . . . . 1 . . . Watcher 2 | . . . . . . . . . . . . . . . . . . 2 Swarmer 24 | . . . . . . . . . . 2 . 1 . 3 . 8 . 10 Cutter 1 | . . . . . . . . . . . . . . 1 . . . . Saboteur 1 | . . . . . . . . . . . . . . . . . . 1 Grunt 43 | . . 4 . . . . 2 . . . . 2 . 1 5 6 . 23 Brawler 9 | . . . . . . . 1 . . . . 4 . . . 1 . 3 Duelist 4 | . . . . . . . . . . 2 . . . . . 1 . 1 Protector 1 | . . . . . . . . . . . . . . . . 1 . . Sentry 6 | . . . . . . . 1 . . 1 . 1 . . . 2 1 . Hunter 16 | . . . . . . . 2 . 1 . . . . 2 2 2 . 7 Programmer 7 | . . . . . . . . . . . . . . . . 2 . 5 Heavy 2 | . . . . . . . . . . . . . . 1 . 1 . . Compactor 4 | . . . . . . . . . . . . . . . . . 4 . Samaritan 1 | . . . . . . . . . 1 . . . . . . . . . Best Kill Streak 19 | . 1 3 1 . . 1 3 . 1 5 . 6 . 3 15 7 2 19 Combat Bots Only 8 | . . 2 . . . . 2 . 1 5 . 6 . 3 7 6 2 8 Max Kills in Single Turn 6 | . 1 2 1 . . 1 2 . 1 1 . 3 . 2 4 3 1 6 Gunslinging . | . . . . . . . . . . . . . . . . . . . Exploded 4 | . . 1 . . . . . . . . . 3 . . 2 3 . 4 Melee . | . . . . . . . . . . . . . . . . . . . Uniques/NPCs Destroyed 1 | . . . . . . . . . . . . . . . . . . 1 NK-0LA (-4/Factory) Combat | -11 -10 -10 -9 -9 -9 -8 -8 -7 -7 -7 -7 -6 -6 -6 -5 -4 -4 -4 -------- Run | Yrd Mat Min Mat Min Exi Min Mat Fac Low Low Zio Pro Fac DSF Fac Fac Was Fac Hostile Shots Fired 986 | . . 24 59 1 . 2 65 . 4 29 . 41 . 67 37 287 4 366 Missed 345 | . . 7 19 . . 1 17 . 3 15 . 12 . 15 14 93 . 149 Hits 641 | . . 17 40 1 . 1 48 . 1 14 . 29 . 52 23 194 4 217 Melee 35 | . . . 3 . . . . . . 1 . 2 . 2 . 18 . 9 Projectile 606 | . . 17 37 1 . 1 48 . 1 13 . 27 . 50 23 176 4 208 AOE 5 | . . . . 5 . . . . . . . . . . . . . . Critical Strikes 30 | . . . . 1 . . 2 . . 1 . . . 2 . 7 1 16 Actively Blocked 20 | . . . . . . . . . . 1 . . . . . 2 1 16 Damage Taken 11696 | . . 252 465 188 . 22 711 . 17 186 . 388 . 859 433 4225 95 3855 Core 1772 | . . 34 32 34 . . 128 . . 52 . 165 . 135 42 464 . 686 Absorbed by Shields . | . . . . . . . . . . . . . . . . . . . Redirected to Shielding 717 | . . . . . . . . . . 42 . 77 . 28 . 47 66 457 Ignored by Resistances 775 | . . . . . . . . . . . . . . . . . . 775 Regen/Repaired (Parts) 159 | . . . . . . . 56 . . . 48 . . . 55 . . . Core Remaining (%) 84 | 100 . 86 . . . 83 76 . . . . 69 . 84 95 . . . Volleys Fired 317 | . 6 27 5 . . . 29 . 8 8 1 13 . 31 12 63 14 100 Largest 3 | . 2 2 1 . . . 2 . 2 2 1 2 . 2 2 3 1 3 Hottest 248 | . 60 60 20 . . . 136 . 136 136 75 136 . 120 105 225 120 248 Shots Fired 466 | . 12 40 5 . . . 56 . 15 16 1 24 . 59 18 102 14 104 Gun 228 | . 12 40 5 . . . 5 . 7 8 . 11 . 56 11 51 . 22 Cannon 168 | . . . . . . . 51 . 8 8 1 13 . 2 2 36 9 38 Launcher 60 | . . . . . . . . . . . . . . 1 5 10 . 44 Special 10 | . . . . . . . . . . . . . . . . 5 5 . Kinetic 152 | . 6 27 5 . . . . . . . . . . 56 11 33 . 14 Thermal 190 | . . . . . . . 56 . 15 16 1 24 . 2 2 41 6 27 Explosive 11 | . . . . . . . . . . . . . . 1 . 5 5 . Electromagnetic 105 | . 6 13 . . . . . . . . . . . . 5 15 3 63 Phasic 8 | . . . . . . . . . . . . . . . . 8 . . Robot Hit Streak 16 | . 2 7 9 . . . 13 . 6 9 . 14 . 11 13 16 13 10 Robot Miss Streak 4 | . 1 2 . . . . 2 . 1 1 . 3 . 2 1 4 . 3 Penetration Max 2 | . . . . . . . . . . . . . . 1 2 1 . . Secondary Targets 2 | . . 1 . . . . . . . . . . . 1 . . . . Max Gunslinging Chain 1 | . . 1 . . . . . . . . . . . 1 . . . . Shots Hit Robots 332 | . 6 29 5 . . . 39 . 11 11 . 18 . 41 15 77 11 69 Core Hits 271 | . 4 10 3 . . 1 12 . 4 9 . 14 . 17 24 57 8 108 Critical Kills 9 | . . . . . . . . . . . . . . 4 2 2 1 . Critical Parts Destroyed 18 | . . . . . . . . . . . . . . 7 5 6 . . Critical Strikes 39 | . . . . . . . . . 1 . . 2 . 11 7 11 2 5 Burn 3 | . . . . . . . . . 1 . . 2 . . . . . . Meltdown 1 | . . . . . . . . . . . . . . . . . 1 . Destroy 26 | . . . . . . . . . . . . . . 11 7 8 . . Blast 4 | . . . . . . . . . . . . . . . . . . 4 Corrupt 2 | . . . . . . . . . . . . . . . . . 1 1 Sever 2 | . . . . . . . . . . . . . . . . 2 . . Intensify 1 | . . . . . . . . . . . . . . . . 1 . . Melee Attacks . | . . . . . . . . . . . . . . . . . . . Impact . | . . . . . . . . . . . . . . . . . . . Slashing . | . . . . . . . . . . . . . . . . . . . Piercing . | . . . . . . . . . . . . . . . . . . . Sneak Attacks . | . . . . . . . . . . . . . . . . . . . Combat Hostiles . | . . . . . . . . . . . . . . . . . . . Follow-up Attacks . | . . . . . . . . . . . . . . . . . . . Damage Inflicted 22716 | . 84 505 76 6 . 15 991 . 219 246 . 1054 . 686 1400 5489 1671 10274 Guns 2664 | . 77 383 51 . . . 67 . 119 121 . 192 . 556 127 551 . 420 Cannons 5667 | . . . . . . . 922 . 100 125 . 494 . 69 66 1622 563 1706 Explosions 13865 | . . 122 . . . . . . . . . 368 . 61 1207 3090 1017 8000 Melee . | . . . . . . . . . . . . . . . . . . . Ramming 280 | . 7 . 25 6 . 15 2 . . . . . . . . 77 . 148 Kinetic 1632 | . 64 254 51 . . . . . . . . . . 556 127 172 . 408 Thermal 10885 | . . 122 . . . . 989 . 219 246 . 1054 . 69 458 2353 624 4751 Explosive 2603 | . . . . . . . . . . . . . . 61 . 1718 824 . Electromagnetic 6886 | . 13 129 . . . . . . . . . . . . 815 830 132 4967 Impact . | . . . . . . . . . . . . . . . . . . . Slashing 240 | . . . . . . . . . . . . . . . . 149 91 . Piercing . | . . . . . . . . . . . . . . . . . . . Phasic 190 | . . . . . . . . . . . . . . . . 190 . . Highest Corruption 46 | . . . 3 3 3 3 . . . . . 1 . . . 4 39 46 Average Corruption 20 | . . . 3 3 3 3 . . . . . 1 . . . 3 21 40 Corruption Purged . | . . . . . . . . . . . . . . . . . . . Corruption Blocked . | . . . . . . . . . . . . . . . . . . . Effects 113 | . . . 1 6 1 4 . . . . . . . . . 10 16 75 Message Errors 25 | . . . 1 . . 1 . . . . . . . . . 2 3 18 Matter Fused 27 | . . . . 3 . . . . . . . . . . . 4 5 15 Heat Flow Errors 15 | . . . . 2 1 1 . . . . . . . . . . 1 10 Energy Discharges 8 | . . . . . . 1 . . . . . . . . . 1 1 5 Parts Rejected 5 | . . . . . . . . . . . . . . . . 1 . 4 Parts Fused 1 | . . . . . . . . . . . . . . . . 1 . . Data Loss (minor) 12 | . . . . 1 . 1 . . . . . . . . . 1 4 5 Data Loss (major) 4 | . . . . . . . . . . . . . . . . . 1 3 Misfires 2 | . . . . . . . . . . . . . . . . . . 2 Alerts 2 | . . . . . . . . . . . . . . . . . . 2 Misdirections 7 | . . . . . . . . . . . . . . . . . 1 6 Weapon Failures 5 | . . . . . . . . . . . . . . . . . . 5 Overload Shots 21 | . . . . . . . . . . . . . . . 2 14 3 2 Effects 1 | . . . . . . . . . . . . . . . . 1 . . Heat Surge 1 | . . . . . . . . . . . . . . . . 1 . . Overflow Damage 961 | . . . . . . . 6 . . . . 19 . . 50 235 . 651 Projectiles 281 | . . . . . . . 6 . . . . 19 . . . 115 . 141 Explosions 679 | . . . . . . . . . . . . . . . 50 120 . 509 Melee 1 | . . . . . . . . . . . . . . . . . . 1 Knockbacks 2 | . . . . . . . . . . . . . . . . 1 . 1 Impact 2 | . . . . . . . . . . . . . . . . 1 . 1 Kinetic . | . . . . . . . . . . . . . . . . . . . Secondary . | . . . . . . . . . . . . . . . . . . . Self-Inflicted Damage 318 | . . . . 2 . 7 1 . . . . 43 . . 43 92 . 130 Shots 9 | . . . . . . . . . . . . 1 . . 3 2 . 3 Rammed 12 | . . . . 2 . 1 1 . . . . . . . . 3 . 5 Targets Rammed 33 | . 1 1 9 2 . 1 1 . . . . . . . . 9 . 9 Kicked 20 | . 1 1 9 . . . . . . . . . . . . 5 . 4 Crushed 1 | . . . . . . . . . . . . . . . . 1 . . Highest Temperature 368 | . . 48 . 213 187 242 48 . 26 11 . 81 . . 16 229 176 368 Average Temperature 64 | . . 18 . 101 96 146 11 . 11 5 . 36 . . 10 43 54 92 Received Heat Transfer 1738 | . . 147 222 . . 9 189 . . 42 . 27 . 108 81 502 18 393 Effects 2 | . . . . . . . . . . . . . . . . . . 2 Interference 2 | . . . . . . . . . . . . . . . . . . 2 Siege Activations . | . . . . . . . . . . . . . . . . . . . Martial Activations . | . . . . . . . . . . . . . . . . . . . Shielding Activations . | . . . . . . . . . . . . . . . . . . . Robots Disrupted 1 | . . . . . . . . . . . . . . . . . . 1 Combat Hostiles . | . . . . . . . . . . . . . . . . . . . Robots Corrupted 18 | . . . . . . . . . . . . . . . 2 . . 16 Combat Hostiles 15 | . . . . . . . . . . . . . . . 2 . . 13 Parts Fried 44 | . . . . . . . . . . . . . . 1 3 . 1 39 Impact Corruptions 1 | . . . . . . . . . . . . . . . . . . 1 Robots Melted 5 | . . . . . . . . . 1 . . . . . . 1 1 2 Combat Hostiles 4 | . . . . . . . . . . . . . . . . 1 1 2 Parts Melted 14 | . . . . . . . 1 . 1 . . 1 . . 1 4 . 6 Heat Transferred 12373 | . . 150 . . . . 1554 . 481 444 . 1485 . 160 530 2559 641 4369 Parts Sabotaged 2 | . . . . . . . . . . . . . . . . . . 2 Parts Stolen . | . . . . . . . . . . . . . . . . . . . Parts Stripped . | . . . . . . . . . . . . . . . . . . . Power Chain Reactions 17 | . . 1 . . . . . . . . . . . . 5 1 . 10 Alert | -11 -10 -10 -9 -9 -9 -8 -8 -7 -7 -7 -7 -6 -6 -6 -5 -4 -4 -4 ------- Run | Yrd Mat Min Mat Min Exi Min Mat Fac Low Low Zio Pro Fac DSF Fac Fac Was Fac Maximum Alert Level 5 | . . . . . . . . . . . . . . 1 1 3 1 5 Low Security (%) 61 | . 100 100 100 100 . 100 100 100 . . . . 100 62 83 62 . 21 Level 1 12 | . . . . . . . . . . . . . . 37 16 7 100 5 Level 2 8 | . . . . . . . . . . . . . . . . 15 . 21 Level 3 4 | . . . . . . . . . . . . . . . . 14 . 9 Level 4 6 | . . . . . . . . . . . . . . . . . . 23 Level 5 5 | . . . . . . . . . . . . . . . . . . 19 High Security . | . . . . . . . . . . . . . . . . . . . Max Security . | . . . . . . . . . . . . . . . . . . . Sterilizations 1 | . . . . . . . . . . . . . . 1 . . . . Peak Influence 2437 | . 30 52 51 15 . 35 56 2 . . . . 120 317 282 926 318 2437 Initial 318 | . . 11 20 4 . . . 2 . . . . 120 63 165 125 318 165 Average 358 | . 1 20 14 . . 15 19 . . . . . 106 182 134 263 281 946 Influence Increases 6631 | . 52 122 146 15 . 50 251 . 30 105 . 458 . 344 377 1425 88 3168 Destroy 0b10 Robot/C 3100 | . . 80 . . . . 120 . 20 100 . 300 . 200 220 560 20 1480 Destroy 0b10 Robot/NC 320 | . 10 15 5 . . 5 15 . . 5 . . . . 50 20 . 195 Destroy Leader 576 | . 2 20 . . . . 42 . 10 . . 30 . 50 52 100 . 270 Allied During Kill 297 | . . . . . . . . . . . . 113 . 18 25 18 . 123 Trap Triggered on 0b10 40 | . . . 40 . . . . . . . . . . . . . . . Successful Hack 48 | . 10 . 11 . . . 5 . . . . . . . . . . 22 Select Force Hacks 30 | . . . . . . . 30 . . . . . . . . . . . Disable Machine 615 | . . . . . . . 15 . . . . . . 15 . 60 . 525 Anti-Garrison Action 150 | . . . . . . . . . . . . . . . . 150 . . Destroy Structure 585 | . . 7 . . . . 9 . . . . . . 1 30 202 68 268 Partial Spotted 45 | . . . . . . . 15 . . . . . . . . . . 30 Lose Combat Pursuer 825 | . 30 . 90 15 . 45 . . . . . 15 . 60 . 315 . 255 Influence Decreases 4208 | . 22 100 187 26 . 50 244 7 30 75 30 266 102 117 438 771 762 981 Entered New Map 1138 | . . 19 32 7 . . . 5 . . 30 . 72 27 152 131 592 71 Time Decay 2170 | . 22 71 135 19 . 50 224 2 30 75 . 216 30 . 206 370 170 550 Lost Part 490 | . . 10 20 . . . 20 . . . . 10 . 30 20 170 . 210 Lost Ally 410 | . . . . . . . . . . . . 40 . 60 60 100 . 150 Squads Dispatched 43 | . 2 . . . . . 2 1 . . . . . 2 4 9 . 23 Investigation 5 | . 1 . . . . . 1 1 . . . . . . . . . 2 Extermination 5 | . . . . . . . . . . . . . . . 1 1 . 3 Reinforcement 19 | . 1 . . . . . 1 . . . . . . 2 3 4 . 8 Assault 6 | . . . . . . . . . . . . . . . . 2 . 4 Garrison 8 | . . . . . . . . . . . . . . . . 2 . 6 Intercept . | . . . . . . . . . . . . . . . . . . . Searches Triggered . | . . . . . . . . . . . . . . . . . . . Construction Impeded 7 | . . . . . . . 1 . . . . . . . 1 1 . 4 Haulers Reinforced 4 | . . . . . . . . . . . . . . . 1 . . 3 Active Scanning Responses . | . . . . . . . . . . . . . . . . . . . Cargo Convoy Interrupts . | . . . . . . . . . . . . . . . . . . . Stealth | -11 -10 -10 -9 -9 -9 -8 -8 -7 -7 -7 -7 -6 -6 -6 -5 -4 -4 -4 --------- Run | Yrd Mat Min Mat Min Exi Min Mat Fac Low Low Zio Pro Fac DSF Fac Fac Was Fac Distress Signals 11 | . . . 2 . . . . 1 . . . . . . . 1 1 6 Communications Jammed . | . . . . . . . . . . . . . . . . . . . Distress Signals . | . . . . . . . . . . . . . . . . . . . Times Spotted 271 | . . 4 12 3 . 3 13 2 1 6 . 15 . 12 11 65 8 116 Peak Tracking Total 13 | . 3 2 7 2 . 3 4 2 1 5 . 7 . 4 7 11 2 13 Tactical Retreats 28 | . 1 . 4 1 . 2 . . . . . 1 . 3 . 9 . 7 Traps | -11 -10 -10 -9 -9 -9 -8 -8 -7 -7 -7 -7 -6 -6 -6 -5 -4 -4 -4 ------- Run | Yrd Mat Min Mat Min Exi Min Mat Fac Low Low Zio Pro Fac DSF Fac Fac Was Fac Traps Triggered 15 | . 1 . . . . . . . . . . . . . . 3 . 11 Indirectly 12 | . . . . . . . . . . . . . . . . 2 . 10 Trap Hack Attempts . | . . . . . . . . . . . . . . . . . . . Triggered . | . . . . . . . . . . . . . . . . . . . Disarmed . | . . . . . . . . . . . . . . . . . . . Reprogrammed . | . . . . . . . . . . . . . . . . . . . Reused 5 | . . . 4 . . . . . . 1 . . . . . . . . Traps Extracted . | . . . . . . . . . . . . . . . . . . . Installed 5 | . . . 4 . . . . . . 1 . . . . . . . . Triggered 5 | . . . 4 . . . . . . 1 . . . . . . . . Most Traps Carried 4 | . . 4 4 . . . . . . 1 . . . . . . . . Machines | -11 -10 -10 -9 -9 -9 -8 -8 -7 -7 -7 -7 -6 -6 -6 -5 -4 -4 -4 ---------- Run | Yrd Mat Min Mat Min Exi Min Mat Fac Low Low Zio Pro Fac DSF Fac Fac Was Fac Machines Disabled 43 | . . . . . . . 1 . . . . 1 . 1 . 5 . 35 Max in Single Turn 16 | . . . . . . . 1 . . . . 1 . 1 . 2 . 16 Garrison Access 1 | . . . . . . . . . . . . . . . . 1 . . Machines Repaired . | . . . . . . . . . . . . . . . . . . . Machines Dismantled . | . . . . . . . . . . . . . . . . . . . Machines Sabotaged . | . . . . . . . . . . . . . . . . . . . Overloaded Fab Kills . | . . . . . . . . . . . . . . . . . . . Hacking | -11 -10 -10 -9 -9 -9 -8 -8 -7 -7 -7 -7 -6 -6 -6 -5 -4 -4 -4 --------- Run | Yrd Mat Min Mat Min Exi Min Mat Fac Low Low Zio Pro Fac DSF Fac Fac Was Fac Machines Accessed 25 | . 2 . 1 . 5 . 4 1 2 . 1 . 1 . 2 1 . 5 Terminals 7 | . 2 . 1 . . . 2 1 . . . . 1 . . . . . Fabricators 2 | . . . . . . . . . . . . . . . . . . 2 Repair Stations 3 | . . . . . . . 1 . . . . . . . 1 1 . . Recycling Units 2 | . . . . . . . . . . . . . . . 1 . . 1 Scanalyzers 3 | . . . . . . . 1 . . . . . . . . . . 2 Garrison Access . | . . . . . . . . . . . . . . . . . . . Total Hacks 74 | . 4 . 4 . 11 . 17 4 6 . 6 . 2 . 4 2 . 14 Successful 54 | . 2 . 3 . 11 . 12 . 6 . 6 . 1 . 2 1 . 10 Failed 20 | . 2 . 1 . . . 5 4 . . . . 1 . 2 1 . 4 Catastrophic 6 | . 1 . . . . . 1 . . . . . . . 1 1 . 2 Database Lockouts . | . . . . . . . . . . . . . . . . . . . Manual 14 | . . . . . 1 . 1 . . . . . . . 2 4 . 6 Terminals 22 | . 4 . 4 . . . 8 4 . . . . 2 . . . . . Fabricators 7 | . . . . . . . . . . . . . . . . . . 7 Repair Stations 8 | . . . . . . . 3 . . . . . . . 3 2 . . Recycling Units 3 | . . . . . . . . . . . . . . . 1 . . 2 Scanalyzers 11 | . . . . . . . 6 . . . . . . . . . . 5 Garrison Access . | . . . . . . . . . . . . . . . . . . . Terminal Hacks 34 | . 2 . 3 . 11 . 5 . 6 . 6 . 1 . . . . . Record 15 | . . . . . 10 . . . 5 . . . . . . . . . Part Schematic 6 | . . . . . . . . . . . 6 . . . . . . . Prototype ID Bank 3 | . 1 . . . . . 2 . . . . . . . . . . . Open Door 1 | . . . . . . . . . 1 . . . . . . . . . Open DSF 1 | . . . . . . . . . . . . . 1 . . . . . Emergency Access Points 2 | . . . 1 . . . 1 . . . . . . . . . . . Alert Level 1 | . . . . . . . 1 . . . . . . . . . . . Dispatch Records 1 | . . . 1 . . . . . . . . . . . . . . . Patrol Status 2 | . . . 1 . . . 1 . . . . . . . . . . . Zone Layout 1 | . 1 . . . . . . . . . . . . . . . . . Proto ID Catalog 1 | . . . . . 1 . . . . . . . . . . . . . Fabricator Hacks 5 | . . . . . . . . . . . . . . . . . . 5 Network Status 1 | . . . . . . . . . . . . . . . . . . 1 Load Schematic 2 | . . . . . . . . . . . . . . . . . . 2 Build 2 | . . . . . . . . . . . . . . . . . . 2 Repair Station Hacks 5 | . . . . . . . 2 . . . . . . . 2 1 . . Scan Component 3 | . . . . . . . 1 . . . . . . . 1 1 . . Repair 2 | . . . . . . . 1 . . . . . . . 1 . . . Recycling Unit Hacks . | . . . . . . . . . . . . . . . . . . . Scanalyzer 8 | . . . . . . . 4 . . . . . . . . . . 4 Insert Component 4 | . . . . . . . 2 . . . . . . . . . . 2 Analyze 4 | . . . . . . . 2 . . . . . . . . . . 2 Garrison Access Hacks . | . . . . . . . . . . . . . . . . . . . Unauthorized Hacks 2 | . . . . . . . 1 . . . . . . . . . . 1 Terminals . | . . . . . . . . . . . . . . . . . . . Fabricators 1 | . . . . . . . . . . . . . . . . . . 1 Liberate 1 | . . . . . . . . . . . . . . . . . . 1 Repair Stations . | . . . . . . . . . . . . . . . . . . . Recycling Units . | . . . . . . . . . . . . . . . . . . . Scanalyzers 1 | . . . . . . . 1 . . . . . . . . . . . Extract 1 | . . . . . . . 1 . . . . . . . . . . . Garrison Access . | . . . . . . . . . . . . . . . . . . . Data Cores Recovered . | . . . . . . . . . . . . . . . . . . . Used . | . . . . . . . . . . . . . . . . . . . Hacking Detections 16 | . 2 . 1 . . . 4 1 . . . . 1 . 2 1 . 4 Full Trace Events 3 | . . . . . . . 1 1 . . . . . . . . . 1 Feedback Events . | . . . . . . . . . . . . . . . . . . . Feedback Blocked . | . . . . . . . . . . . . . . . . . . . Robot Schematics Acquired 4 | . . . . . . . . . . . 4 . . . . . . . Robots Built 8 | . . . . . . . . . . . . . . . . . . 8 Authchips 2 | . . . . . . . . . . . . . . . . . . 2 Time 134 | . . . . . . . . . . . . . . . . . . 134 Total Robot Build Rating 32 | . . . . . . . . . . . . . . . . . . 32 Part Schematics Acquired 28 | . . . . . . . 7 . . . 20 . . . . . . 1 Parts Built . | . . . . . . . . . . . . . . . . . . . Authchips . | . . . . . . . . . . . . . . . . . . . Time . | . . . . . . . . . . . . . . . . . . . Total Part Build Rating . | . . . . . . . . . . . . . . . . . . . Parts Repaired 2 | . . . . . . . 1 . . . . . . . 1 . . . Time 114 | . . . . . . . 70 . . . . . . . 44 . . . Parts Recycled . | . . . . . . . . . . . . . . . . . . . Recycled Matter . | . . . . . . . . . . . . . . . . . . . Retrieved Matter . | . . . . . . . . . . . . . . . . . . . Retrieved Components . | . . . . . . . . . . . . . . . . . . . Parts Scanalyzed 4 | . . . . . . . 2 . . . . . . . . . . 2 Part Schematics Acquired 3 | . . . . . . . 2 . . . . . . . . . . 1 Parts Damaged 2 | . . . . . . . . . . . . . . . . . . 2 Bothacking | -11 -10 -10 -9 -9 -9 -8 -8 -7 -7 -7 -7 -6 -6 -6 -5 -4 -4 -4 ------------ Run | Yrd Mat Min Mat Min Exi Min Mat Fac Low Low Zio Pro Fac DSF Fac Fac Was Fac Used RIF Installer . | . . . . . . . . . . . . . . . . . . . Robots Hacked . | . . . . . . . . . . . . . . . . . . . Non-combat . | . . . . . . . . . . . . . . . . . . . Combat . | . . . . . . . . . . . . . . . . . . . Robot Hacks Applied . | . . . . . . . . . . . . . . . . . . . Relay Couplers Released 4 | . . . . . . . . . . . . . . . . 4 . . Machine Destruction 4 | . . . . . . . . . . . . . . . . 4 . . Fabnet Peak Effective % . | . . . . . . . . . . . . . . . . . . . Robots Rewired 2 | . . . . . . . . . . . . 2 . . . . . . Allies Hacked 1 | . . . . . . . . . . . . . . . . . . 1 Hacks Repelled . | . . . . . . . . . . . . . . . . . . . Allies | -11 -10 -10 -9 -9 -9 -8 -8 -7 -7 -7 -7 -6 -6 -6 -5 -4 -4 -4 -------- Run | Yrd Mat Min Mat Min Exi Min Mat Fac Low Low Zio Pro Fac DSF Fac Fac Was Fac Total Allies 29 | . . . . 3 . . . . . . 4 2 . . 3 5 . 12 Largest Group 7 | . . . . 3 . . . . . . 4 4 3 3 3 3 . 7 Highest-Rated Group 288 | . . . . 40 . . . . . . 158 158 108 108 210 288 . 175 Highest-Rated Ally 146 | . . . . 16 . . . . . . 41 41 40 40 70 103 . 146 Zionite Dispatches 5 | . . . . . . . . . . . . . . . 1 2 . 2 Heavy 1 | . . . . . . . . . . . . . . . . 1 . . Light 2 | . . . . . . . . . . . . . . . 1 1 . . Hero 1 | . . . . . . . . . . . . . . . . . . 1 Infowar Resupply 1 | . . . . . . . . . . . . . . . . . . 1 Total Orders 1 | . . . . . . . . . . . . . . . . . . 1 DROP 1 | . . . . . . . . . . . . . . . . . . 1 Ally Attacks 287 | . . . . 4 . . . . . . . 57 . 19 35 34 . 138 Total Damage 9917 | . . . . 58 . . . . . . . 1860 . 290 786 1523 . 5400 Kills 56 | . . . . . . . . . . . . 8 . 2 4 5 . 37 Allies Corrupted . | . . . . . . . . . . . . . . . . . . . Allies Melted . | . . . . . . . . . . . . . . . . . . . Intel | -11 -10 -10 -9 -9 -9 -8 -8 -7 -7 -7 -7 -6 -6 -6 -5 -4 -4 -4 ------- Run | Yrd Mat Min Mat Min Exi Min Mat Fac Low Low Zio Pro Fac DSF Fac Fac Was Fac Active Infowar (turns) 6003 | . . . . . 130 125 86 63 562 356 690 635 72 367 424 861 341 1291 Optics 3229 | . . . . . . . . . . . . . . 312 424 861 341 1291 Sensors 2621 | . . . . . . . 24 54 562 356 690 635 72 228 . . . . Structural 311 | . . . . . 130 125 56 . . . . . . . . . . . Traps 370 | . . . . . . . 22 63 83 . . . . . . 202 . . Seismic 100 | . . . . . . . . . . . . . . . . 100 . . Machine Analysis 12 | . . . . . . . . . . . . . . . . . . 12 Jamming 136 | . . . . . . . . . . . . . . . . . . 136 ECM 2 | . . . . . . . . . . . . . 2 . . . . . Robot Analysis Total . | . . . . . . . . . . . . . . . . . . . Derelict Logs Recovered 8 | . . 2 . 1 . . . . 1 . 1 3 . . . . . . Drone Launches . | . . . . . . . . . . . . . . . . . . . Drone Recoveries . | . . . . . . . . . . . . . . . . . . . Exploration | -11 -10 -10 -9 -9 -9 -8 -8 -7 -7 -7 -7 -6 -6 -6 -5 -4 -4 -4 ------------- Run | Yrd Mat Min Mat Min Exi Min Mat Fac Low Low Zio Pro Fac DSF Fac Fac Was Fac Turns Passed 7974 | . 183 211 331 371 226 125 574 63 562 356 690 635 72 367 424 861 341 1582 Spaces Moved 5636 | 1 131 110 153 300 281 142 399 82 466 406 821 391 60 186 191 429 201 886 Core 160 | . . . . 84 . . . . . . . . . . . . . 76 Treads 919 | . . . . . . . . . . . . . . 70 191 308 149 201 Legs 974 | 1 131 110 153 57 . . . . . . . . . . . 121 52 349 Wheels 148 | . . . . . . . . . . . . . . . . . . 148 Hover 3323 | . . . . 159 281 142 399 82 466 406 821 391 60 116 . . . . Flight 112 | . . . . . . . . . . . . . . . . . . 112 Fastest Speed 40 | 120 120 120 120 50 77 77 74 74 74 74 74 74 65 65 170 45 90 40 Average Speed 105 | 120 120 120 185 91 77 77 91 74 74 74 74 137 65 110 170 144 136 122 Slowest Speed 330 | 120 120 120 190 190 77 77 147 74 74 74 144 214 65 330 170 250 160 245 Overloaded Moves 91 | . . . . . . . . . . . . . . . . 77 . 14 Propulsion Burnouts . | . . . . . . . . . . . . . . . . . . . Robots Hopped 2 | . . . . . . . . . . . . . . . . . . 2 Potential Cave-ins . | . . . . . . . . . . . . . . . . . . . Cave-ins Triggered . | . . . . . . . . . . . . . . . . . . . Exploration Rate (%) 38 | 2 31 38 13 33 62 33 28 3 67 62 83 54 2 91 8 11 76 36 Regions Visited 18 Branch Regions 8 Pre-discovered Areas 1 | . . . . . 1 . . . . . . . . . . . . . Known Exits Taken 9 | . . . . . . 1 1 1 1 1 1 1 1 . 1 . . . Unknown Exits Taken 6 | 1 1 1 1 1 1 . . . . . . . . . . . . . Scrap Searched 12 | . . 1 . . . . . . 2 6 2 1 . . . . . . Spaces Dug 21 | . . . . . . . . . . . . 21 . . . . . . Terrain Destroyed 315 | . . 8 . . . . 8 . 1 1 . 25 . 1 9 111 52 99 Melee . | . . . . . . . . . . . . . . . . . . . Projectile 22 | . . . . . . . 8 . 1 1 . . . . 1 3 1 7 AOE 292 | . . 8 . . . . . . . . . 25 . . 8 108 51 92 Terrain Rammed . | . . . . . . . . . . . . . . . . . . . Walls Destroyed . | . . . . . . . . . . . . . . . . . . . Machines Disabled . | . . . . . . . . . . . . . . . . . . . Actions | -11 -10 -10 -9 -9 -9 -8 -8 -7 -7 -7 -7 -6 -6 -6 -5 -4 -4 -4 --------- Run | Yrd Mat Min Mat Min Exi Min Mat Fac Low Low Zio Pro Fac DSF Fac Fac Was Fac Total 7154 | . 145 150 190 396 292 157 543 85 665 446 897 463 94 296 268 564 255 1248 Wait 668 | . . 4 4 84 . 15 81 . 183 15 48 15 28 15 45 8 1 122 Move 5616 | . 130 109 152 299 280 141 398 81 465 405 820 390 59 185 190 429 200 883 Hop 1 | . . . . . . . . . . . . . . . . . . 1 Pick Up 73 | . 3 4 4 1 7 . 2 2 1 2 7 8 1 13 3 7 3 5 Fast Attach 89 | . 1 . 4 4 . . 10 . 2 . 5 2 . 10 6 13 3 29 Attach 74 | . . . . 1 1 . 1 1 . . . 3 3 4 . 13 14 33 Detach 61 | . 1 . . . . . 1 . . . 2 . 2 1 . 6 16 32 Swap 80 | . 1 1 1 1 . . 14 . 4 2 3 1 . 14 7 13 2 16 Drop 99 | . 2 4 7 4 4 . 6 1 1 3 11 4 1 23 5 3 2 18 Fire 317 | . 6 27 5 . . . 29 . 8 8 1 13 . 31 12 63 14 100 Melee . | . . . . . . . . . . . . . . . . . . . Ram 5 | . . . . 2 . 1 1 . . . . . . . . . . 1 Kick 20 | . 1 1 9 . . . . . . . . . . . . 5 . 4 Crush 8 | . . . . . . . . . . . . . . . . 4 . 4 Escape Stasis . | . . . . . . . . . . . . . . . . . . . Rewire 38 | . . . . . . . . . 1 10 . 27 . . . . . . Trap 5 | . . . 4 . . . . . . 1 . . . . . . . . Miscellaneous . | . . . . . . . . . . . . . . . . . . . Route ------- -11/Scrapyard -10/Materials (discovered 2 exits: *Mat / [*Min]) -10/Mines -9/Materials (discovered 2 exits: Mat / [*Min]) -9/Mines -9/Exiles -8/Mines -8/Materials -7/Factory -7/Lower Caves -7/Lower Caves (discovered 2 exits: *Fac / *Zio) -7/Zion -6/Proximity Caves -6/Factory -6/DSF -5/Factory -4/Factory -4/Waste -4/Factory History --------- Turn | Location | Event 1 | -11/Scrapyard | Discovered new exit (range 0) 1 | -11/Scrapyard | Entered Materials 116 | -10/Materials | Discovered new exit (range 16) 172 | -10/Materials | Discovered new exit (range 10) 184 | -10/Materials | Entered Mines 198 | -10/Mines | Found a hidden stash of uninstalled traps 254 | -10/Mines | Learned location of 1 exit from Materials 267 | -10/Mines | Learned Materials stockpile data 311 | -10/Mines | Build established: Mutant 334 | -10/Mines | Discovered new exit (range 10) 395 | -10/Mines | Entered Materials 395 | -9/Materials | Evolved 2 slots: Utility x2 396 | -9/Materials | Identified exit to Materials 704 | -9/Materials | Discovered new exit (range 13) 726 | -9/Materials | Entered Mines 730 | -9/Mines | Learned Materials security intel 747 | -9/Mines | Assisted by bots powering up and referring to "LRC-V3" 786 | -9/Mines | Assembled infested the area 848 | -9/Mines | Met 8R-AWN 864 | -9/Mines | Lost 4 parts (2n2u) 868 | -9/Mines | Lost 3 allies 1093 | -9/Mines | Discovered new exit (range 5) 1097 | -9/Mines | Entered Exiles 1121 | -9/Exiles | Welcomed by 8R-AWN 1134 | -9/Exiles | Met EX-HEX 1157 | -9/Exiles | Met EX-BIN 1167 | -9/Exiles | Aligned with FarCom system 1167 | -9/Exiles | Given EX-Vault access code 1187 | -9/Exiles | Opened EX-Vault 1194 | -9/Exiles | Found Potential Leg 1195 | -9/Exiles | Found Potential Leg 1199 | -9/Exiles | Found YOLO Cannon 1202 | -9/Exiles | Found Gui. Plasma Cannon 1254 | -9/Exiles | Warned to stay clear of 0b10 Research branches 1278 | -9/Exiles | Met EX-DEC 1282 | -9/Exiles | Learned location of Zion (-7) 1316 | -9/Exiles | Discovered new exit (range 10) 1323 | -9/Exiles | Stole three prototypes: Potential Leg, Gui. Plasma Cannon, YOLO Cannon 1323 | -9/Exiles | Entered Mines 1440 | -8/Mines | Discovered exit to Materials (range 12) 1448 | -8/Mines | Entered Materials 1448 | -8/Materials | Evolved 2 slots: Propulsion x1, Utility x1 1994 | -8/Materials | Repaired Broken Cmb. Airjet 2008 | -8/Materials | Discovered new exit (range 12) 2021 | -8/Materials | Identified exit to Factory 2022 | -8/Materials | Entered Factory 2022 | -7/Factory | Evolved 2 slots: Power x1, Utility x1 2024 | -7/Factory | FarCom data flow suspended 2054 | -7/Factory | Discovered new exit (range 13) 2081 | -7/Factory | Identified exit to Lower Caves 2085 | -7/Factory | Entered Lower Caves 2160 | -7/Lower Caves | Entered an active Warlord outpost 2179 | -7/Lower Caves | Learned Research terminal intel 2179 | -7/Lower Caves | Learned Armory terminal intel 2179 | -7/Lower Caves | Learned Armory garrison access intel 2480 | -7/Lower Caves | Found Alien Artifact 2480 | -7/Lower Caves | Identified Core Expander 2480 | -7/Lower Caves | Installed Core Expander, added new Power slot 2499 | -7/Lower Caves | Learned Factory trap positions 2503 | -7/Lower Caves | Build established: Scavenger-Mutant 2643 | -7/Lower Caves | Discovered new exit (range 6) 2646 | -7/Lower Caves | Identified exit to Lower Caves 2647 | -7/Lower Caves | Entered another Lower Caves area 2662 | -7/Lower Caves | Discovered new exit (range 7) 2667 | -7/Lower Caves | Identified exit to Factory 2865 | -7/Lower Caves | Attracted the attention of an 0b10 checkpoint 2998 | -7/Lower Caves | Discovered new exit (range 8) 3002 | -7/Lower Caves | Identified exit to Zion 3003 | -7/Lower Caves | Entered Zion 3045 | -7/Zion | Given the Hacking Drone Bay 3114 | -7/Zion | Found Prototype Special Weapon 3114 | -7/Zion | Identified RU-N14's Throwing Claymores 3116 | -7/Zion | Found RU-N14's Throwing Claymores 3119 | -7/Zion | Found RU-N14's Throwing Claymores 3125 | -7/Zion | Found RU-N14's Throwing Claymores 3251 | -7/Zion | Learned Factory emergency access door positions 3330 | -7/Zion | Met Imprinter 3342 | -7/Zion | Imprinted 3344 | -7/Zion | Declared Zion's savior 3655 | -7/Zion | Discovered new exit (range 7) 3659 | -7/Zion | Identified exit to Proximity Caves 3693 | -7/Zion | Entered Proximity Caves 3693 | -6/Proximity Caves | Accompanied by 4 allies 3737 | -6/Proximity Caves | Found DCF Scrap (15 items) 3811 | -6/Proximity Caves | Learned Factory stockpile data 3816 | -6/Proximity Caves | Learned 4 Factory zone layouts 3859 | -6/Proximity Caves | Attracted the attention of an 0b10 checkpoint 4037 | -6/Proximity Caves | Attracted the attention of an 0b10 outpost 4162 | -6/Proximity Caves | Spotted B-75 Beast 4184 | -6/Proximity Caves | Allies destroyed B-75 Beast 4328 | -6/Proximity Caves | Entered Factory 4328 | -6/Factory | Accompanied by 3 allies 4328 | -6/Factory | Evolved 2 slots: Propulsion x1, Utility x1 4330 | -6/Factory | Loaded intel: 96 trap records 4370 | -6/Factory | Identified exit to DSF 4400 | -6/Factory | Entered DSF 4400 | -6/DSF | Accompanied by 3 allies 4422 | -6/DSF | Additional patrols routed to DSF 4477 | -6/DSF | Lost 3 allies 4499 | -6/DSF | Discovered new exit (range 16) 4714 | -6/DSF | Sterilization system engaged 4734 | -6/DSF | Ambient heat levels rising (+10) 4743 | -6/DSF | Identified exit to Factory 4749 | -6/DSF | Ambient heat levels rising (+10) 4764 | -6/DSF | Ambient heat levels rising (+10) 4767 | -6/DSF | Entered Factory 4767 | -5/Factory | Evolved 2 slots: Utility x2 4800 | -5/Factory | Zion Light squad teleported in 4930 | -5/Factory | Repaired Imp. Cooling System 5144 | -5/Factory | Found Prototype Protection 5144 | -5/Factory | Identified Zio. Weapon Casing 5154 | -5/Factory | Destroyed 7 combat bots 5182 | -5/Factory | Discovered new exit (range 6) 5189 | -5/Factory | Identified exit to Factory 5191 | -5/Factory | Entered another Factory area 5191 | -4/Factory | Evolved 2 slots: Utility x1, Weapon x1 5517 | -4/Factory | Build established: Scavenger-Tank 5631 | -4/Factory | Garrison activated, responded to threat 5700 | -4/Factory | Lost 3 parts (1p2u) 5818 | -4/Factory | Lost 6 parts (1p2n1u2w) 5877 | -4/Factory | Zion Heavy squad teleported in 5904 | -4/Factory | Found Zio. Weapon Casing 5953 | -4/Factory | Lost 6 parts (1p2n2u1w) 5971 | -4/Factory | Zion Light squad teleported in 5997 | -4/Factory | Found Zio. Weapon Casing 6032 | -4/Factory | Lost 3 allies 6052 | -4/Factory | Manually triggered Chute Trap 6052 | -4/Factory | Sucked down chute 6052 | -4/Factory | Entered Waste 6066 | -4/Waste | Spotted C-40 Crusher 6067 | -4/Waste | EMP discharged 6067 | -4/Waste | System corruption reached 10% 6090 | -4/Waste | Spotted C-40 Crusher 6139 | -4/Waste | Destroyed C-40 Crusher 6167 | -4/Waste | EMP discharged 6177 | -4/Waste | Spotted C-40 Crusher 6185 | -4/Waste | Spotted C-40 Crusher 6219 | -4/Waste | Destroyed C-40 Crusher 6249 | -4/Waste | Destroyed C-40 Crusher 6267 | -4/Waste | EMP discharged 6267 | -4/Waste | System corruption reached 30% 6297 | -4/Waste | Spotted C-40 Crusher 6309 | -4/Waste | Destroyed C-40 Crusher 6322 | -4/Waste | Found Damper Plating 6338 | -4/Waste | Spotted C-40 Crusher 6367 | -4/Waste | EMP discharged 6379 | -4/Waste | Discovered new exit (range 10) 6393 | -4/Waste | Entered Factory 6408 | -4/Factory | Build established: Scavenger-Mutant 6704 | -4/Factory | Garrison activated, responded to threat 6740 | -4/Factory | Lost 3 parts (1p1n1u) 6751 | -4/Factory | Core integrity fell below 50% 6861 | -4/Factory | Destroyed 8 combat bots 6971 | -4/Factory | Fabricated S-27 Virus (x4) 7042 | -4/Factory | Fabricated S-27 Virus (x4) 7060 | -4/Factory | P-70 Sage assimilated allied Virus 7e 7141 | -4/Factory | Garrison activated, responded to threat 7145 | -4/Factory | Lost 6 allies 7186 | -4/Factory | Destroyed 8 combat bots 7327 | -4/Factory | Lost 3 parts (1n2u) 7393 | -4/Factory | First assault squad dispatched 7427 | -4/Factory | Lost 9 parts (2p3n4u) 7440 | -4/Factory | Zion hero teleported in (NK-0LA) 7627 | -4/Factory | Zion Infowar Resupply teleported in 7631 | -4/Factory | Found Prototype Processor 7631 | -4/Factory | Identified Exp. Terrain Scan Processor 7636 | -4/Factory | Found Prototype Processor 7636 | -4/Factory | Identified Exp. Signal Interpreter 7655 | -4/Factory | Terminal network hard line cut 7726 | -4/Factory | Allies destroyed NK-0LA 7928 | -4/Factory | Core integrity fell below 20% 7975 | -4/Factory | Destroyed by G-67 Veteran with Field Laser Last Messages --------------- 07927_ K-01 Serf collects debris. 07946_ O-16 Technician: "IFF HANDSHAKE FAILED. SECURING TERMINAL." 07946_ K-01 Serf collects debris. 07953_ Acquired Imp. Weapon Shielding. 07955_ Acquired Unknown Launcher. 07955_ Identified Micro-nuke Launcher. 07957_ Dropped Lgt. Quantum Reactor. 07963_ Acquired Machine Analyzer. 07968_ U-05 Engineer lays Concrete. 07968_ Penetrated by Slug. 07969_ U-05 Engineer lays Concrete. 07970_ K-01 Serf collects debris. 07970_ U-05 Engineer lays Concrete. 07971_ O-16 Technician destroyed. 07972_ U-05 Engineer lays Concrete. 07973_ K-01 Serf collects debris. 07973_ U-05 Engineer lays Concrete. 07974_ Impulse Thruster destroyed. 07974_ U-05 Engineer lays Concrete. 07974_ Slammed into T-07 Excavator. Map ----- +----------------------------------------------------+ | % #??????????????# | | #??????????????# | | #??????????????# | | #??????????????# ###### | | #??????????????# ????? | | #??????????????# #????? | | ### # ##????########### ???? | | ### #?????#! # ???? | | # ########### """" # % # ??? | | T ## """" # %% # ??? | | ## """" # # #?? | | " " ## """" # # ???? | | " " ## # # ????? | | " " #?? # g ##### | | " ! ! " #???? # gg ! ## | | " !! " #?????? # m ## | | " !! " #?????###+# b ## | | " " ####### u | | " " + ll g s | | " ! " #### s """ | | [ #??# | | ########+###??# g """ | | # #????# m | | # ###### = = """ | | """ + w %t | | """ #######T## =@ """ | | """ ??????##### ####### k | | ???????????# #?????# A """ | | ######???????????# #?????# = | | ??????????"""????# # """ # /%= """ | | ??????????"""????# # """ " ! | | ??????????"""????# # """ # """ | | ?????????????????# # + | | ??????????"""????# # """?# Y | | ??????????"""????# # """?# g g | | ??????????"""????# # """?###########+####### | | ?????????????????# # ???????# ####### | | ??????????"""????? #????????# #?????? | | ??????????"""????? #????????# """"""""" !#?????? | | ??????????"""????? ??"""????# #?????? | | ?????????????????? ??"""????# """"""""" #?????? | | ?????????????????? ??"""????# #?????? | | ??????????????????H?????????# """"""""" #?????? | | ???????????????????????"T"??# * #?????? | | ????????????????????????????################?????? | | ?????????????????????????????????????????????????? | | ?????????????????????????????????????????????????? | | ?????????????????????????????????????????????????? | | ?????????????????????????????????????????????????? | | ?????????????????????????????????????????????????? | +----------------------------------------------------+ Best States ------------- Heat Dissipation 75 Coolant Potential 80 Energy Generation 48 Energy Capacity 1525 Matter Stores 300 Matter Capacity 300 Sight Range 23 Robot Scan Range 15 Terrain Scan Density 1010 Jamming Range 12 Power Amplification 30 Corruption Containment 48 Armor Coverage 1600 Resistance: TH 25 Resistance: EM 90 Propulsion Shielding 66 Utility Shielding 66 Weapon Shielding 100 Weapon Cycling 20 Evasion (%) 66 Targeting Accuracy 18 Target Analysis 6 Recoil Reduction 4 Matter Filtering 30 Particle Charging 15 Authchip Count 5 Item Schematics ----------------- Cooling System | -8/Materials | Scanalyzed Hcp. Storage Unit | -8/Materials | Scanalyzed System Shield | -8/Materials | Extracted Trap Scanner | -8/Materials | Extracted Ion Cannon | -8/Materials | Extracted Carbon-fiber Leg | -8/Materials | Extracted Med. Laser | -8/Materials | Extracted Hvy. Riot Gun | -7/Zion | Free Slug Cannon | -7/Zion | Free Ripper | -7/Zion | Free Hvy. Battle Rifle | -7/Zion | Free Plasma Flamer | -7/Zion | Free Arc Thrower | -7/Zion | Free Force Booster | -7/Zion | Archive Hvy. Machine Gun | -7/Zion | Archive EM Disruption Field | -7/Zion | Archive Arm. Leg | -7/Zion | Archive Enh. Gauss Cannon | -7/Zion | Archive Hvy. Phase Cannon | -7/Zion | Archive Gauss Cannon | -7/Zion | Archive Hvy. Pick | -7/Zion | Archive Imp. Cooling System | -7/Zion | Archive Flexi-carbon Leg | -7/Zion | Archive Phase Shifter | -7/Zion | Archive Fusion Compressor | -7/Zion | Archive System Restoration Module | -7/Zion | Archive Med. Treads | -7/Zion | Archive Hvy. Proton Missile Launcher | -4/Factory | Scanalyzed Robot Schematics ------------------ S-27 Virus | -7/Zion | Archive T-07 Excavator | -7/Zion | Archive W-25 Informer | -7/Zion | Archive L-61 Swordsman | -7/Zion | Archive Fabricated ------------ S-27 Virus | x4 | -4/Factory | Authchip S-27 Virus | x4 | -4/Factory | Authchip Repaired ---------- Cmb. Airjet | 56% | -8/Materials | Broken Imp. Cooling System | 21% | -5/Factory Alien Tech Used ----------------- Core Expander Achievements -------------- None Challenges ------------ None Game ------ Seed InterceptSpliceJammer Manual? 0 Play Time 01:15:36 Cumulative 1032.5 hours Start 2025.05.10 @ 22:14:59 End 2025.05.11 @ 13:21:22 Sessions 3 Manual Loads 0 Difficulty Rogue Special Mode None Game No. 1269 Rogue 987 Adventurer 124 Explorer 158 Win Type - Total 44 Types 31/0/8/3/1/0/0/1/0/0 Lore% 91 Gallery% 85 Achievement% 79 Wizard Run 0 Options --------- Layout 0 ASCII 0 Keyboard 1 Movement Numpad Keybinds 0 Fullscreen 2 Font 18/X11 Map View 76x50 Zoom Use 0% Tactical HUD 1 Map Filters NONE Filters NONE Steam 1 RUN: 97d82a46-d6eb-4a0e-9fb7-bd91962a9930